Mulligans vs Punishers

Created - 18 novembre 2016 at 21:55

Goals
1 2 3 T
Mulligans 2 0 1 3
Punishers 0 1 0 1
Shots
1 2 3 T
Mulligans 15 11 7 33
Punishers 7 9 7 23

1st period

1. Mulligans , Drayson Bowman 3 (Matt Beleskey, Anton Lander) at 0:47
2. Mulligans , Chris Neil 10 (Thomas Hickey, Jan Hlavac) at 11:00

Penalties :
Miikka Salomaki (Pro) for Hooking (Minor) at 6:41

2nd period

3. Punishers , Casey Cizikas 8 (Tanner Glass, Adam McQuaid) at 12:26 (PP)

Penalties :
Adam McQuaid (Pro) for High sticking (Minor) at 6:15, Matt Bartkowski (Rep) for Holding (Minor) at 11:51, Jan Hlavac (Rep) for Holding (Minor) at 14:55

3rd period

4. Mulligans , Tim Schaller 4 (Jordan Szwarz) at 9:26

Penalties :
Tanner Glass (Pro) for Hooking (Minor) at 6:49, Jan Hlavac (Rep) for Hooking (Minor) at 10:49, Radek Smolenak (Pro) for Slashing (Minor) at 14:45

Goalie Stats

Anders Lindback (Rep), 22 saves from 23 shots - (0,957), W, 5-2-2, 60:00 minutes
Kevin Poulin (Pro), 30 saves from 33 shots - (0,909), L, 4-4-0, 60:00 minutes

Players Stats for Mulligans

Player Name              G  A  P  +/- PIM S  H  SB GA TA FO     MP     PP MP  PK MP  
------------------------------------------------------------------------------------
Anton Lander             0  1  1   0  0   1  2  0  0  1  11/22  19:22   4:32   2:32 
Cade Fairchild           0  0  0   0  0   0  1  0  0  0  0/0    11:29   0:00   1:21 
Chris Neil               1  0  1   1  0   5  2  0  3  0  1/2    20:27   4:32   0:00 
Cody Goloubef            0  0  0   0  0   1  2  1  0  1  0/0    17:08   3:22   1:32 
Drayson Bowman           1  0  1   2  0   1  1  1  0  0  0/0    12:07   0:08   0:24 
Eric Tangradi            0  0  0   0  0   3  0  0  2  0  0/0    10:18   0:08   1:36 
Gord Baldwin             0  0  0   1  0   1  0  2  0  1  0/0    15:15   0:00   2:51 
Jan Hlavac               0  1  1   1  4   2  4  0  0  0  0/1    20:47   4:32   0:00 
Jonathan Tremblay        0  0  0   0  0   1  4  1  1  0  0/0    17:46   3:16   2:33 
Jordan Szwarz            0  1  1   2  0   2  4  1  0  0  0/0    10:43   0:00   0:00 
Logan Shaw               0  0  0   0  0   0  2  0  0  0  0/0     8:21   0:08   0:00 
Matt Bartkowski          0  0  0   1  2   0  1  0  0  0  0/0     6:07   0:00   0:00 
Matt Beleskey            0  1  1   0  0   2  1  1  0  0  1/1    15:13   3:16   0:00 
Matt Donovan             0  0  0   1  0   1  2  0  0  1  0/0    24:12   3:22   2:47 
Maxime Macenauer         0  0  0   1  0   3  0  0  0  1  11/21  20:36   3:16   1:07 
Michael Chaput           0  0  0   0  0   0  2  1  0  0  0/1     9:02   0:00   0:54 
Michael Del Zotto        0  0  0   1  0   3  2  0  0  0  0/0    21:19   4:34   0:00 
Oliver Lauridsen         0  0  0   1  0   0  0  0  0  0  0/0     7:44   0:00   0:25 
Thomas Hickey            0  1  1   1  0   2  1  0  0  1  0/0    16:45   4:34   0:10 
Tim Schaller             1  0  1   2  0   5  1  0  0  1  2/6    10:43   0:00   0:00 

Players Stats for Punishers

Player Name              G  A  P  +/- PIM S  H  SB GA TA FO     MP     PP MP  PK MP  
------------------------------------------------------------------------------------
Adam McQuaid             0  1  1  -1  2   1  0  4  0  1  0/0    26:45   2:15   3:03 
Alex Petrovic            0  0  0  -1  0   0  1  0  0  1  0/0    20:51   2:20   3:44 
Brandon McMillan         0  0  0  -1  0   0  0  1  0  0  0/3    10:10   0:00   0:00 
Casey Cizikas            1  0  1   0  0   4  1  0  1  0  6/11   14:34   2:06   0:51 
Dylan DeMelo             0  0  0  -1  0   0  0  0  0  1  0/0    12:48   0:00   1:09 
Frazer Mclaren           0  0  0   0  0   1  0  0  1  0  0/1    11:29   0:00   1:58 
Kris Chucko              0  0  0  -3  0   1  2  1  2  2  5/9    25:31   2:16   4:07 
Luke Adam                0  0  0  -2  0   3  0  1  1  0  10/17  15:54   2:20   0:00 
Matt Mackenzie           0  0  0  -1  0   0  2  1  0  0  0/0    11:31   0:00   0:00 
Michael Ferland          0  0  0   0  0   0  1  0  0  0  1/2     2:46   0:00   2:14 
Miikka Salomaki          0  0  0   0  2   0  1  0  0  0  1/1    14:41   2:06   0:00 
Mike Blunden             0  0  0  -2  0   3  1  0  0  0  0/1    16:22   2:20   0:00 
Mike Sauer               0  0  0  -1  0   4  3  1  0  0  0/0    27:37   2:13   4:12 
Ondrej Palat             0  0  0  -1  0   0  0  0  0  0  1/1    13:53   0:00   3:13 
Philippe Paradis         0  0  0   0  0   0  2  0  0  0  0/0     3:41   0:07   0:01 
Quinton Howden           0  0  0   0  0   0  1  0  0  0  3/6     9:30   0:00   0:00 
Radek Smolenak           0  0  0   0  2   0  0  0  1  0  0/0     8:35   0:16   0:02 
Simon Despres            0  0  0  -1  0   2  2  2  0  0  0/0    20:52   2:20   3:44 
Tanner Glass             0  1  1   0  2   4  3  0  1  1  1/2    24:29   2:06   3:26 

3 Stars

1 - Anders Lindback (Rep)
2 - Drayson Bowman (Rep)
3 - Tim Schaller (Rep)

Power Play

Mulligans - 0 on 5 Attempt(s) - 0,00%
Punishers - 1 on 3 Attempt(s) - 33,33%

Penalty Kill

Mulligans - 2 on 3 Attempt(s) - 66,67% - Score 0 goal in Penalty Kill
Punishers - 5 on 5 Attempt(s) - 100,00% - Score 0 goal in Penalty Kill

Team Stat

Mulligans - Hits : 32 - Faceoff Wins : 26 - Blocked Shots : 8 - Penalty Minutes : 6
Punishers - Hits : 20 - Faceoff Wins : 28 - Blocked Shots : 11 - Penalty Minutes : 8

Official

Referees : Furlatt Eric and Marouelli Dan
Linesman : Scott Driscoll and Jonny Murray

Game Notes

10:04 of 3rd period - Penalty Shot by Simon Despres for Punishers - Shot Misses the Net
Casey Cizikas is injured at 17:15 of 3rd period (Lacerated Right Calf)

Finance

Level 1 -- Attendance: 1413 (70,65%) -- Ticket Income 49 455 $
Level 2 -- Attendance: 759 (75,90%) -- Ticket Income 11 385 $
Total Attendance: 2172 (72,40%)
Total Ticket Income: 60 840 $
Other Income: 3 042 $
Total Income: 63 882 $

Mulligans

5 vs 5 Forward 
   Center                   Left Wing                Right Wing               Time % Phy DF OF 
 1 Maxime Macenauer         Jan Hlavac               Chris Neil               36     1   2  2  
 2 Anton Lander             Matt Beleskey            Jonathan Tremblay        30     0   2  3  
 3 Tim Schaller             Drayson Bowman           Jordan Szwarz            24     0   2  3  
 4 Michael Chaput           Eric Tangradi            Logan Shaw               10     1   2  2  

5 vs 5 Defense 
   Defense                  Defense                                           Time % Phy DF OF 
 1 Michael Del Zotto        Matt Donovan                                      36     0   3  2  
 2 Thomas Hickey            Gord Baldwin                                      30     1   2  2  
 3 Cody Goloubef            Cade Fairchild                                    22     1   3  1  
 4 Oliver Lauridsen         Matt Bartkowski                                   12     1   4  0  

PowerPlay Forward 
   Center                   Left Wing                Right Wing               Time % Phy DF OF 
 1 Anton Lander             Jan Hlavac               Chris Neil               60     1   0  4  
 2 Maxime Macenauer         Matt Beleskey            Jonathan Tremblay        40     1   0  4  

PowerPlay Defense
   Defense                  Defense                                           Time % Phy DF OF 
 1 Michael Del Zotto        Thomas Hickey                                     65     0   1  4  
 2 Cody Goloubef            Matt Donovan                                      35     0   2  3  

Penalty Kill 4 Players Forward 
   Center                   Wing                     Time % Phy DF OF 
 1 Anton Lander             Jonathan Tremblay        60     1   2  2  
 2 Maxime Macenauer         Jan Hlavac               40     1   2  2  

Penalty Kill 4 Players Defense
   Defense                  Defense                  Time % Phy DF OF 
 1 Gord Baldwin             Matt Donovan             60     1   2  2  
 2 Cade Fairchild           Cody Goloubef            40     1   2  2  

Penalty Kill - 3 Players Forward 
   Forward                                           Time % Phy DF OF 
 1 Chris Neil                                        60     1   4  0  
 2 Jan Hlavac                                        40     1   4  0  

Penalty Kill - 3 Players Defense
   Defense                  Defense                  Time % Phy DF OF 
 1 Gord Baldwin             Matt Donovan             60     1   4  0  
 2 Cody Goloubef            Cade Fairchild           40     1   4  0  

4 vs 4 Forward 
   Center                   Wing                     Time % Phy DF OF 
 1 Jonathan Tremblay        Chris Neil               60     1   2  2  
 2 Maxime Macenauer         Jan Hlavac               40     1   2  2  

4 vs 4 Defense
   Defense                  Defense                  Time % Phy DF OF 
 1 Michael Del Zotto        Thomas Hickey            60     1   2  2  
 2 Gord Baldwin             Matt Donovan             40     1   2  2  

Last Minutes Offensive
   Center                   Left Wing                Right Wing               Defense                  Defense                  
   Jonathan Tremblay        Jan Hlavac               Chris Neil               Michael Del Zotto        Thomas Hickey            

Last Minutes Defensive
   Center                   Left Wing                Right Wing               Defense                  Defense                  
   Anton Lander             Jan Hlavac               Chris Neil               Matt Donovan             Gord Baldwin             

Goaltenders
Starting : Anders Lindback          
Backup : Calvin Pickard           

Extra Forwards
Normal : Drayson Bowman, Eric Tangradi, Anton Lander - PP : Drayson Bowman, Eric Tangradi - PK : Anton Lander
Extra Defensemen
Normal : Cody Goloubef, Cade Fairchild, Oliver Lauridsen - PP : Cody Goloubef - PK : Cade Fairchild, Oliver Lauridsen
Penalty Shots
Chris Neil, Maxime Macenauer, Jonathan Tremblay, Jan Hlavac, Matt Beleskey

Punishers

5 vs 5 Forward 
   Center                   Left Wing                Right Wing               Time % Phy DF OF 
 1 Luke Adam                Kris Chucko              Mike Blunden             40     1   2  2  
 2 Casey Cizikas            Tanner Glass             Miikka Salomaki          30     1   2  2  
 3 Brandon McMillan         Ondrej Palat             Kris Chucko              20     1   2  2  
 4 Quinton Howden           Frazer Mclaren           Tanner Glass             10     1   2  2  

5 vs 5 Defense 
   Defense                  Defense                                           Time % Phy DF OF 
 1 Mike Sauer               Adam McQuaid                                      40     1   2  2  
 2 Simon Despres            Alex Petrovic                                     30     1   2  2  
 3 Matt Mackenzie           Dylan DeMelo                                      20     1   2  2  
 4 Mike Sauer               Adam McQuaid                                      10     1   2  2  

PowerPlay Forward 
   Center                   Left Wing                Right Wing               Time % Phy DF OF 
 1 Luke Adam                Kris Chucko              Mike Blunden             60     1   2  2  
 2 Casey Cizikas            Tanner Glass             Miikka Salomaki          40     1   2  2  

PowerPlay Defense
   Defense                  Defense                                           Time % Phy DF OF 
 1 Mike Sauer               Adam McQuaid                                      60     1   2  2  
 2 Simon Despres            Alex Petrovic                                     40     1   2  2  

Penalty Kill 4 Players Forward 
   Center                   Wing                     Time % Phy DF OF 
 1 Kris Chucko              Tanner Glass             60     1   2  2  
 2 Ondrej Palat             Frazer Mclaren           40     1   2  2  

Penalty Kill 4 Players Defense
   Defense                  Defense                  Time % Phy DF OF 
 1 Mike Sauer               Adam McQuaid             60     1   2  2  
 2 Simon Despres            Alex Petrovic            40     1   2  2  

Penalty Kill - 3 Players Forward 
   Forward                                           Time % Phy DF OF 
 1 Kris Chucko                                       60     1   2  2  
 2 Tanner Glass                                      40     1   2  2  

Penalty Kill - 3 Players Defense
   Defense                  Defense                  Time % Phy DF OF 
 1 Mike Sauer               Adam McQuaid             60     1   2  2  
 2 Simon Despres            Alex Petrovic            40     1   2  2  

4 vs 4 Forward 
   Center                   Wing                     Time % Phy DF OF 
 1 Kris Chucko              Tanner Glass             60     1   2  2  
 2 Ondrej Palat             Frazer Mclaren           40     1   2  2  

4 vs 4 Defense
   Defense                  Defense                  Time % Phy DF OF 
 1 Mike Sauer               Adam McQuaid             60     1   2  2  
 2 Simon Despres            Alex Petrovic            40     1   2  2  

Last Minutes Offensive
   Center                   Left Wing                Right Wing               Defense                  Defense                  
   Luke Adam                Kris Chucko              Mike Blunden             Mike Sauer               Adam McQuaid             

Last Minutes Defensive
   Center                   Left Wing                Right Wing               Defense                  Defense                  
   Luke Adam                Kris Chucko              Mike Blunden             Mike Sauer               Adam McQuaid             

Goaltenders
Starting : Kevin Poulin             
Backup : Niklas Svedberg          

Extra Forwards
Normal : Radek Smolenak, Philippe Paradis, Michael Ferland - PP : Radek Smolenak, Philippe Paradis - PK : Michael Ferland
Extra Defensemen
Normal : Matt Mackenzie, Dylan DeMelo, Simon Despres - PP : Matt Mackenzie - PK : Dylan DeMelo, Simon Despres
Penalty Shots
Kris Chucko, Tanner Glass, Ondrej Palat, Frazer Mclaren, Luke Adam

% Time on Ice - Mulligans

Lines # - Real PCT - Wanted PCT - Time Play
Normal Forward
1 - 35% - 36% - 16:37
2 - 26% - 30% - 12:11
3 - 23% - 24% - 10:43
4 - 17% - 10% - 8:00
Normal Defense
1 - 37% - 36% - 17:31
2 - 29% - 30% - 13:44
3 - 21% - 22% - 10:08
4 - 13% - 12% - 6:08
PP Forward
1 - 59% - 60% - 4:40
2 - 41% - 40% - 3:16
PP Defense
1 - 58% - 65% - 4:34
2 - 42% - 35% - 3:22
PK Forward
1 - 75% - 60% - 3:26
2 - 25% - 40% - 1:07
PK Defense
1 - 66% - 60% - 3:01
2 - 34% - 40% - 1:32
PK3 Forward
1 - 0% - 60%
2 - 0% - 40%
PK3 Defense
1 - 0% - 60%
2 - 0% - 40%
44 Forward
1 - 0% - 60%
2 - 0% - 40%
44 Defense
1 - 0% - 60%
2 - 0% - 40%
Last Minute Offensive  - 0:00
Last Minute Defensive  - 0:00
Total
Forward - 60:00
Defense - 60:00

% Time on Ice - Punishers

Lines # - Real PCT - Wanted PCT - Time Play
Normal Forward
1 - 31% - 40% - 14:36
2 - 28% - 30% - 13:15
3 - 21% - 20% - 10:10
4 - 20% - 10% - 9:30
Normal Defense
1 - 40% - 40% - 18:53
2 - 31% - 30% - 14:48
3 - 24% - 20% - 11:31
4 - 5% - 10% - 2:19
PP Forward
1 - 54% - 60% - 2:27
2 - 46% - 40% - 2:06
PP Defense
1 - 49% - 60% - 2:13
2 - 51% - 40% - 2:20
PK Forward
1 - 75% - 60% - 5:58
2 - 25% - 40% - 1:58
PK Defense
1 - 53% - 60% - 4:12
2 - 47% - 40% - 3:44
PK3 Forward
1 - 0% - 60%
2 - 0% - 40%
PK3 Defense
1 - 0% - 60%
2 - 0% - 40%
44 Forward
1 - 0% - 60%
2 - 0% - 40%
44 Defense
1 - 0% - 60%
2 - 0% - 40%
Last Minute Offensive  - 0:00
Last Minute Defensive  - 0:00
Total
Forward - 60:00
Defense - 60:00

Play by Play

1st period


0:01 of 1st period - Luke Adam wins face-off versus Maxime Macenauer in neutral zone.
0:26 of 1st period - Adam McQuaid is hit by Matt Donovan and loses puck.
0:45 of 1st period - Wrist shot by Drayson Bowman.
0:45 of 1st period - Shot Misses the Net.
0:47 of 1st period - Wrist shot by Drayson Bowman.
0:47 of 1st period - Goal by Drayson Bowman - Mulligans : 1 - Punishers : 0.
0:48 of 1st period - Tim Schaller wins face-off versus Frazer Mclaren in neutral zone.
0:51 of 1st period - Quinton Howden is hit by Jordan Szwarz and loses puck.
0:56 of 1st period - Snap shot by Drayson Bowman.
0:56 of 1st period - Shot Blocked by Matt Mackenzie.
0:58 of 1st period - Snap shot by Gord Baldwin.
0:58 of 1st period - Stopped by Kevin Poulin with a rebound.
1:14 of 1st period - Matt Mackenzie is hit by Chris Neil and loses puck.
1:27 of 1st period - Wrist shot by Tanner Glass.
1:27 of 1st period - Shot Misses the Net.
1:39 of 1st period - Tanner Glass is hit by Jan Hlavac and loses puck.
1:44 of 1st period - Snap shot by Chris Neil.
1:44 of 1st period - Stopped by Kevin Poulin with a rebound.
1:46 of 1st period - Slapshot by Jan Hlavac.
1:46 of 1st period - Stopped by Kevin Poulin with a rebound.
2:14 of 1st period - Mike Sauer is hit by Jan Hlavac and loses puck.
3:14 of 1st period - Wrist shot by Jan Hlavac.
3:14 of 1st period - Stopped by Kevin Poulin with a rebound.
3:23 of 1st period - Off-side.
3:24 of 1st period - Anton Lander wins face-off versus Luke Adam in neutral zone.
3:59 of 1st period - Brandon McMillan is hit by Jordan Szwarz and loses puck.
4:44 of 1st period - Wrist shot by Eric Tangradi.
4:44 of 1st period - Deflect By Luke Adam.
4:44 of 1st period - Shot Misses the Net.
4:44 of 1st period - Puck is out of play.
4:45 of 1st period - Luke Adam wins face-off versus Michael Chaput in Punishers zone.
4:45 of 1st period - Luke Adam is hit by Michael Del Zotto.
4:51 of 1st period - Matt Donovan is hit by Philippe Paradis and loses puck.
5:21 of 1st period - Mike Sauer is hit by Logan Shaw and loses puck.
6:10 of 1st period - Wrist shot by Michael Del Zotto.
6:10 of 1st period - Shot Blocked by Adam McQuaid.
6:20 of 1st period - Snap shot by Eric Tangradi.
6:20 of 1st period - Stopped by Kevin Poulin without a rebound.
6:21 of 1st period - Casey Cizikas wins face-off versus Anton Lander in Punishers zone.
6:26 of 1st period - Snap shot by Matt Beleskey.
6:26 of 1st period - Stopped by Kevin Poulin without a rebound.
6:27 of 1st period - Anton Lander wins face-off versus Casey Cizikas in Punishers zone.
6:41 of 1st period - Minor Penalty to Miikka Salomaki for Hooking.
6:42 of 1st period - Anton Lander wins face-off versus Michael Ferland in Punishers zone.
6:53 of 1st period - Icing by Michael Del Zotto.
6:54 of 1st period - Anton Lander wins face-off versus Kris Chucko in Mulligans zone.
7:48 of 1st period - Chris Neil is hit by Simon Despres and loses puck.
8:04 of 1st period - Snap shot by Matt Beleskey.
8:04 of 1st period - Deflect By Maxime Macenauer.
8:04 of 1st period - Shot Blocked by Simon Despres.
8:04 of 1st period - Puck is out of play.
8:05 of 1st period - Michael Ferland wins face-off versus Maxime Macenauer in Punishers zone.
8:41 of 1st period - Penalty to Miikka Salomaki is over, Miikka Salomaki is back on ice.
8:48 of 1st period - Snap shot by Luke Adam.
8:48 of 1st period - Shot Misses the Net.
8:55 of 1st period - Icing by Cody Goloubef.
8:56 of 1st period - Casey Cizikas wins face-off versus Tim Schaller in Mulligans zone.
10:11 of 1st period - Cody Goloubef is hit by Simon Despres and loses puck.
10:39 of 1st period - Icing by Gord Baldwin.
10:40 of 1st period - Anton Lander wins face-off versus Quinton Howden in Mulligans zone.
10:42 of 1st period - Icing by Jonathan Tremblay.
10:43 of 1st period - Quinton Howden wins face-off versus Maxime Macenauer in Mulligans zone.
10:44 of 1st period - Snap shot by Tanner Glass.
10:44 of 1st period - Shot Blocked by Gord Baldwin.
10:46 of 1st period - Wrist shot by Tanner Glass.
10:46 of 1st period - Stopped by Anders Lindback without a rebound.
10:47 of 1st period - Luke Adam wins face-off versus Maxime Macenauer in Mulligans zone.
10:56 of 1st period - Snap shot by Jan Hlavac.
10:56 of 1st period - Shot Blocked by Adam McQuaid.
10:58 of 1st period - Slapshot by Thomas Hickey.
10:58 of 1st period - Stopped by Kevin Poulin with a rebound.
11:00 of 1st period - Snap shot by Chris Neil.
11:00 of 1st period - Goal by Chris Neil - Mulligans : 2 - Punishers : 0.
11:01 of 1st period - Matt Beleskey wins face-off versus Luke Adam in neutral zone.
11:17 of 1st period - Snap shot by Kris Chucko.
11:17 of 1st period - Stopped by Anders Lindback with a rebound.
11:27 of 1st period - Adam McQuaid is hit by Tim Schaller and loses puck.
11:52 of 1st period - Slapshot by Ondrej Palat.
11:52 of 1st period - Shot Misses the Net.
12:34 of 1st period - Backhand shot by Drayson Bowman.
12:34 of 1st period - Shot Misses the Net.
12:36 of 1st period - Slapshot by Cody Goloubef.
12:36 of 1st period - Stopped by Kevin Poulin without a rebound.
12:37 of 1st period - Anton Lander wins face-off versus Mike Blunden in Punishers zone.
12:48 of 1st period - Wrist shot by Mike Blunden.
12:48 of 1st period - Stopped by Anders Lindback without a rebound.
12:49 of 1st period - Maxime Macenauer wins face-off versus Casey Cizikas in Mulligans zone.
13:19 of 1st period - Wrist shot by Luke Adam.
13:19 of 1st period - Shot Misses the Net.
13:21 of 1st period - Wrist shot by Mike Blunden.
13:21 of 1st period - Stopped by Anders Lindback without a rebound.
13:22 of 1st period - Maxime Macenauer wins face-off versus Luke Adam in Mulligans zone.
13:35 of 1st period - Snap shot by Jan Hlavac.
13:35 of 1st period - Deflect By Maxime Macenauer.
13:35 of 1st period - Stopped by Kevin Poulin with a rebound.
13:47 of 1st period - Anton Lander is hit by Tanner Glass and loses puck.
14:59 of 1st period - Tanner Glass is hit by Cody Goloubef and loses puck.
15:31 of 1st period - Snap shot by Tim Schaller.
15:31 of 1st period - Stopped by Kevin Poulin with a rebound.
15:33 of 1st period - Snap shot by Chris Neil.
15:33 of 1st period - Stopped by Kevin Poulin without a rebound.
15:34 of 1st period - Maxime Macenauer wins face-off versus Brandon McMillan in Punishers zone.
15:37 of 1st period - Slapshot by Chris Neil.
15:37 of 1st period - Shot Misses the Net.
15:39 of 1st period - Snap shot by Jan Hlavac.
15:39 of 1st period - Shot Misses the Net.
15:41 of 1st period - Snap shot by Chris Neil.
15:41 of 1st period - Shot Misses the Net.
15:43 of 1st period - Snap shot by Chris Neil.
15:43 of 1st period - Shot Misses the Net.
15:45 of 1st period - Snap shot by Chris Neil.
15:45 of 1st period - Stopped by Kevin Poulin with a rebound.
15:47 of 1st period - Slapshot by Cody Goloubef.
15:47 of 1st period - Shot Blocked by Brandon McMillan.
15:49 of 1st period - Slapshot by Jan Hlavac.
15:49 of 1st period - Deflect By Maxime Macenauer.
15:49 of 1st period - Stopped by Kevin Poulin without a rebound.
15:50 of 1st period - Luke Adam wins face-off versus Anton Lander in Punishers zone.
16:01 of 1st period - Wrist shot by Kris Chucko.
16:01 of 1st period - Shot Blocked by Matt Beleskey.
16:03 of 1st period - Slapshot by Simon Despres.
16:03 of 1st period - Stopped by Anders Lindback without a rebound.
16:04 of 1st period - Maxime Macenauer wins face-off versus Casey Cizikas in Mulligans zone.
16:33 of 1st period - Off-side.
16:34 of 1st period - Luke Adam wins face-off versus Anton Lander in neutral zone.
16:37 of 1st period - Luke Adam is hit by Jonathan Tremblay and loses puck.
16:44 of 1st period - Snap shot by Luke Adam.
16:44 of 1st period - Stopped by Anders Lindback without a rebound.
16:45 of 1st period - Luke Adam wins face-off versus Maxime Macenauer in Mulligans zone.
16:46 of 1st period - Slapshot by Mike Blunden.
16:46 of 1st period - Shot Misses the Net.
16:48 of 1st period - Snap shot by Luke Adam.
16:48 of 1st period - Shot Misses the Net.
16:50 of 1st period - Wrist shot by Adam McQuaid.
16:50 of 1st period - Stopped by Anders Lindback with a rebound.
17:10 of 1st period - Jan Hlavac is hit by Mike Sauer and loses puck.
18:02 of 1st period - Drayson Bowman is hit by Tanner Glass and loses puck.
18:21 of 1st period - Snap shot by Kris Chucko.
18:21 of 1st period - Shot Misses the Net.
18:33 of 1st period - Miikka Salomaki is hit by Jonathan Tremblay and loses puck.
19:15 of 1st period - Mike Blunden is hit by Michael Chaput and loses puck.
19:29 of 1st period - Off-side.
19:30 of 1st period - Casey Cizikas wins face-off versus Anton Lander in neutral zone.
19:55 of 1st period - Kris Chucko is hit by Jan Hlavac and loses puck.
Goals for this period are 2 for Mulligans vs 0 for Punishers.
Shots for this period are 15 for Mulligans vs 7 for Punishers.

2nd period


0:01 of 2nd period - Maxime Macenauer wins face-off versus Luke Adam in neutral zone.
0:06 of 2nd period - Slapshot by Michael Del Zotto.
0:06 of 2nd period - Shot Misses the Net.
0:14 of 2nd period - Snap shot by Maxime Macenauer.
0:14 of 2nd period - Stopped by Kevin Poulin with a rebound.
0:16 of 2nd period - Slapshot by Jan Hlavac.
0:16 of 2nd period - Deflect By Mike Sauer.
0:16 of 2nd period - Shot Misses the Net.
0:16 of 2nd period - Puck is out of play.
0:17 of 2nd period - Casey Cizikas wins face-off versus Tim Schaller in Punishers zone.
0:24 of 2nd period - Wrist shot by Tim Schaller.
0:24 of 2nd period - Stopped by Kevin Poulin with a rebound.
0:26 of 2nd period - Snap shot by Jordan Szwarz.
0:26 of 2nd period - Deflect By Tim Schaller.
0:26 of 2nd period - Stopped by Kevin Poulin with a rebound.
0:28 of 2nd period - Slapshot by Jordan Szwarz.
0:28 of 2nd period - Stopped by Kevin Poulin with a rebound.
1:00 of 2nd period - Off-side.
1:01 of 2nd period - Quinton Howden wins face-off versus Anton Lander in neutral zone.
2:06 of 2nd period - Kris Chucko is hit by Michael Chaput and loses puck.
2:15 of 2nd period - Snap shot by Eric Tangradi.
2:15 of 2nd period - Stopped by Kevin Poulin with a rebound.
2:17 of 2nd period - Wrist shot by Eric Tangradi.
2:17 of 2nd period - Deflect By Brandon McMillan.
2:17 of 2nd period - Stopped by Kevin Poulin with a rebound.
2:19 of 2nd period - Snap shot by Cade Fairchild.
2:19 of 2nd period - Shot Misses the Net.
2:58 of 2nd period - Anton Lander is hit by Kris Chucko and loses puck.
3:25 of 2nd period - Tanner Glass is hit by Jordan Szwarz and loses puck.
3:40 of 2nd period - Snap shot by Tanner Glass.
3:40 of 2nd period - Stopped by Anders Lindback without a rebound.
3:41 of 2nd period - Tanner Glass wins face-off versus Maxime Macenauer in Mulligans zone.
4:28 of 2nd period - Logan Shaw is hit by Miikka Salomaki and loses puck.
4:35 of 2nd period - Slapshot by Mike Sauer.
4:35 of 2nd period - Stopped by Anders Lindback with a rebound.
4:37 of 2nd period - Snap shot by Radek Smolenak.
4:37 of 2nd period - Shot Blocked by Michael Chaput.
4:39 of 2nd period - Slapshot by Adam McQuaid.
4:39 of 2nd period - Shot Misses the Net.
4:41 of 2nd period - Slapshot by Mike Sauer.
4:41 of 2nd period - Shot Misses the Net.
4:43 of 2nd period - Wrist shot by Mike Sauer.
4:43 of 2nd period - Deflect By Cody Goloubef.
4:43 of 2nd period - Stopped by Anders Lindback with a rebound.
4:45 of 2nd period - Slapshot by Mike Sauer.
4:45 of 2nd period - Stopped by Anders Lindback with a rebound.
4:47 of 2nd period - Snap shot by Mike Sauer.
4:47 of 2nd period - Stopped by Anders Lindback without a rebound.
4:48 of 2nd period - Maxime Macenauer wins face-off versus Quinton Howden in Mulligans zone.
6:15 of 2nd period - Minor Penalty to Adam McQuaid for High sticking.
6:16 of 2nd period - Anton Lander wins face-off versus Kris Chucko in Punishers zone.
6:28 of 2nd period - Slapshot by Michael Del Zotto.
6:28 of 2nd period - Stopped by Kevin Poulin with a rebound.
6:30 of 2nd period - Slapshot by Thomas Hickey.
6:30 of 2nd period - Stopped by Kevin Poulin without a rebound.
6:31 of 2nd period - Kris Chucko wins face-off versus Anton Lander in Punishers zone.
6:36 of 2nd period - Wrist shot by Tanner Glass.
6:36 of 2nd period - Stopped by Anders Lindback with a rebound.
8:15 of 2nd period - Penalty to Adam McQuaid is over, Adam McQuaid is back on ice.
9:54 of 2nd period - Drayson Bowman is hit by Matt Mackenzie and loses puck.
10:17 of 2nd period - Mike Sauer is hit by Logan Shaw.
10:29 of 2nd period - Gord Baldwin is hit by Mike Blunden and loses puck.
11:08 of 2nd period - Slapshot by Mike Sauer.
11:08 of 2nd period - Shot Blocked by Cody Goloubef.
11:37 of 2nd period - Icing by Simon Despres.
11:38 of 2nd period - Casey Cizikas wins face-off versus Maxime Macenauer in Punishers zone.
11:38 of 2nd period - Casey Cizikas is hit by Jan Hlavac.
11:51 of 2nd period - Minor Penalty to Matt Bartkowski for Holding.
11:52 of 2nd period - Luke Adam wins face-off versus Anton Lander in Mulligans zone.
11:54 of 2nd period - Backhand shot by Luke Adam.
11:54 of 2nd period - Stopped by Anders Lindback with a rebound.
12:26 of 2nd period - Snap shot by Casey Cizikas.
12:26 of 2nd period - Goal by Casey Cizikas - Mulligans : 2 - Punishers : 1.
12:27 of 2nd period - Luke Adam wins face-off versus Maxime Macenauer in neutral zone.
12:59 of 2nd period - Adam McQuaid is hit by Jonathan Tremblay and loses puck.
13:38 of 2nd period - Slapshot by Thomas Hickey.
13:38 of 2nd period - Shot Blocked by Simon Despres.
14:06 of 2nd period - Snap shot by Tanner Glass.
14:06 of 2nd period - Stopped by Anders Lindback with a rebound.
14:16 of 2nd period - Slapshot by Michael Del Zotto.
14:16 of 2nd period - Stopped by Kevin Poulin with a rebound.
14:18 of 2nd period - Wrist shot by Anton Lander.
14:18 of 2nd period - Stopped by Kevin Poulin with a rebound.
14:26 of 2nd period - Snap shot by Anton Lander.
14:26 of 2nd period - Shot Misses the Net.
14:50 of 2nd period - Snap shot by Chris Neil.
14:50 of 2nd period - Stopped by Kevin Poulin with a rebound.
14:55 of 2nd period - Minor Penalty to Jan Hlavac for Holding.
14:56 of 2nd period - Luke Adam wins face-off versus Anton Lander in Mulligans zone.
14:56 of 2nd period - Slapshot by Kris Chucko.
14:56 of 2nd period - Shot Misses the Net.
15:24 of 2nd period - Wrist shot by Casey Cizikas.
15:24 of 2nd period - Shot Blocked by Jonathan Tremblay.
15:26 of 2nd period - Wrist shot by Casey Cizikas.
15:26 of 2nd period - Shot Blocked by Gord Baldwin.
16:16 of 2nd period - Slapshot by Cody Goloubef.
16:16 of 2nd period - Shot Blocked by Adam McQuaid.
16:55 of 2nd period - Penalty to Jan Hlavac is over, Jan Hlavac is back on ice.
17:26 of 2nd period - Michael Del Zotto is hit by Quinton Howden and loses puck.
17:43 of 2nd period - Adam McQuaid is hit by Michael Del Zotto and loses puck.
18:10 of 2nd period - Mike Sauer is hit by Thomas Hickey and loses puck.
18:48 of 2nd period - Dylan DeMelo is hit by Matt Bartkowski.
19:00 of 2nd period - Ondrej Palat is hit by Anton Lander.
19:56 of 2nd period - Snap shot by Jan Hlavac.
19:56 of 2nd period - Shot Misses the Net.
Goals for this period are 0 for Mulligans vs 1 for Punishers.
Shots for this period are 11 for Mulligans vs 9 for Punishers.

3rd period


0:01 of 3rd period - Chris Neil wins face-off versus Luke Adam in neutral zone.
1:10 of 3rd period - Slapshot by Mike Sauer.
1:10 of 3rd period - Deflect By Mike Blunden.
1:10 of 3rd period - Stopped by Anders Lindback without a rebound.
1:11 of 3rd period - Maxime Macenauer wins face-off versus Casey Cizikas in Mulligans zone.
1:43 of 3rd period - Snap shot by Jordan Szwarz.
1:43 of 3rd period - Stopped by Kevin Poulin without a rebound.
1:44 of 3rd period - Maxime Macenauer wins face-off versus Quinton Howden in Punishers zone.
1:47 of 3rd period - Snap shot by Chris Neil.
1:47 of 3rd period - Shot Misses the Net.
2:04 of 3rd period - Gord Baldwin is hit by Matt Mackenzie and loses puck.
2:22 of 3rd period - Icing by Maxime Macenauer.
2:23 of 3rd period - Quinton Howden wins face-off versus Anton Lander in Mulligans zone.
2:30 of 3rd period - Simon Despres is hit by Matt Beleskey and loses puck.
3:30 of 3rd period - Snap shot by Chris Neil.
3:30 of 3rd period - Shot Blocked by Mike Sauer.
3:55 of 3rd period - Wrist shot by Jonathan Tremblay.
3:55 of 3rd period - Shot Blocked by Luke Adam.
4:14 of 3rd period - Wrist shot by Tim Schaller.
4:14 of 3rd period - Shot Misses the Net.
4:46 of 3rd period - Snap shot by Michael Chaput.
4:46 of 3rd period - Deflect By Logan Shaw.
4:46 of 3rd period - Shot Misses the Net.
4:46 of 3rd period - Puck is out of play.
4:47 of 3rd period - Kris Chucko wins face-off versus Jan Hlavac in Punishers zone.
5:15 of 3rd period - Off-side.
5:16 of 3rd period - Anton Lander wins face-off versus Brandon McMillan in neutral zone.
5:25 of 3rd period - Snap shot by Matt Beleskey.
5:25 of 3rd period - Shot Blocked by Adam McQuaid.
5:45 of 3rd period - Snap shot by Tanner Glass.
5:45 of 3rd period - Deflect By Casey Cizikas.
5:45 of 3rd period - Stopped by Anders Lindback without a rebound.
5:46 of 3rd period - Maxime Macenauer wins face-off versus Casey Cizikas in Mulligans zone.
5:46 of 3rd period - Maxime Macenauer is hit by Alex Petrovic.
5:52 of 3rd period - Tanner Glass is hit by Cade Fairchild and loses puck.
6:34 of 3rd period - Wrist shot by Tanner Glass.
6:34 of 3rd period - Shot Blocked by Jordan Szwarz.
6:36 of 3rd period - Snap shot by Frazer Mclaren.
6:36 of 3rd period - Stopped by Anders Lindback without a rebound.
6:37 of 3rd period - Maxime Macenauer wins face-off versus Tanner Glass in Mulligans zone.
6:49 of 3rd period - Minor Penalty to Tanner Glass for Hooking.
6:50 of 3rd period - Kris Chucko wins face-off versus Anton Lander in Punishers zone.
6:56 of 3rd period - Backhand shot by Anton Lander.
6:56 of 3rd period - Deflect By Kris Chucko.
6:56 of 3rd period - Shot Blocked by Kris Chucko.
6:56 of 3rd period - Puck is out of play.
6:57 of 3rd period - Anton Lander wins face-off versus Kris Chucko in Punishers zone.
7:04 of 3rd period - Slapshot by Michael Del Zotto.
7:04 of 3rd period - Stopped by Kevin Poulin without a rebound.
7:05 of 3rd period - Kris Chucko wins face-off versus Chris Neil in Punishers zone.
8:07 of 3rd period - Alex Petrovic is hit by Chris Neil and loses puck.
8:30 of 3rd period - Kris Chucko is hit by Matt Donovan and loses puck.
8:49 of 3rd period - Penalty to Tanner Glass is over, Tanner Glass is back on ice.
9:11 of 3rd period - Oliver Lauridsen is hit by Mike Sauer and loses puck.
9:26 of 3rd period - Backhand shot by Tim Schaller.
9:26 of 3rd period - Goal by Tim Schaller - Mulligans : 3 - Punishers : 1.
9:27 of 3rd period - Miikka Salomaki wins face-off versus Maxime Macenauer in neutral zone.
9:30 of 3rd period - Backhand shot by Simon Despres.
9:30 of 3rd period - Stopped by Anders Lindback with a rebound.
9:52 of 3rd period - Kris Chucko is hit by Jonathan Tremblay and loses puck.
10:04 of 3rd period - Penalty Shot by Simon Despres for Punishers.
10:04 of 3rd period - Wrist shot by Simon Despres.
10:04 of 3rd period - Shot Misses the Net.
10:05 of 3rd period - Casey Cizikas wins face-off versus Tim Schaller in Punishers zone.
10:31 of 3rd period - Adam McQuaid is hit by Anton Lander and loses puck.
10:44 of 3rd period - Snap shot by Casey Cizikas.
10:44 of 3rd period - Stopped by Anders Lindback with a rebound.
10:46 of 3rd period - Wrist shot by Casey Cizikas.
10:46 of 3rd period - Stopped by Anders Lindback without a rebound.
10:47 of 3rd period - Maxime Macenauer wins face-off versus Luke Adam in Mulligans zone.
10:49 of 3rd period - Minor Penalty to Jan Hlavac for Hooking.
10:50 of 3rd period - Anton Lander wins face-off versus Luke Adam in Mulligans zone.
11:22 of 3rd period - Gord Baldwin is hit by Casey Cizikas.
12:49 of 3rd period - Penalty to Jan Hlavac is over, Jan Hlavac is back on ice.
13:16 of 3rd period - Tim Schaller is hit by Philippe Paradis.
14:20 of 3rd period - Chris Neil is hit by Kris Chucko and loses puck.
14:45 of 3rd period - Minor Penalty to Radek Smolenak for Slashing.
14:46 of 3rd period - Kris Chucko wins face-off versus Anton Lander in Punishers zone.
15:32 of 3rd period - Icing by Anton Lander.
15:33 of 3rd period - Anton Lander wins face-off versus Kris Chucko in Mulligans zone.
15:58 of 3rd period - Wrist shot by Matt Beleskey.
15:58 of 3rd period - Stopped by Kevin Poulin with a rebound.
16:00 of 3rd period - Wrist shot by Jonathan Tremblay.
16:00 of 3rd period - Stopped by Kevin Poulin with a rebound.
16:02 of 3rd period - Slapshot by Matt Donovan.
16:02 of 3rd period - Stopped by Kevin Poulin with a rebound.
16:30 of 3rd period - Icing by Matt Beleskey.
16:31 of 3rd period - Ondrej Palat wins face-off versus Maxime Macenauer in Mulligans zone.
16:45 of 3rd period - Penalty to Radek Smolenak is over, Radek Smolenak is back on ice.
16:52 of 3rd period - Luke Adam is hit by Drayson Bowman.
17:14 of 3rd period - Casey Cizikas is hit by Cody Goloubef and loses puck.
17:15 of 3rd period - Casey Cizikas from Punishers is injured at 17:15 of 3rd period (Lacerated Right Calf).
17:16 of 3rd period - Tim Schaller wins face-off versus Brandon McMillan in Punishers zone.
17:25 of 3rd period - Slapshot by Adam McQuaid.
17:25 of 3rd period - Shot Blocked by Drayson Bowman.
17:27 of 3rd period - Slapshot by Adam McQuaid.
17:27 of 3rd period - Shot Misses the Net.
17:48 of 3rd period - Chris Neil is hit by Tanner Glass and loses puck.
18:33 of 3rd period - Wrist shot by Tim Schaller.
18:33 of 3rd period - Stopped by Kevin Poulin without a rebound.
18:34 of 3rd period - Luke Adam wins face-off versus Tim Schaller in Punishers zone.
18:34 of 3rd period - Luke Adam is hit by Jordan Szwarz.
18:40 of 3rd period - Slapshot by Dylan DeMelo.
18:40 of 3rd period - Deflect By Luke Adam.
18:40 of 3rd period - Stopped by Anders Lindback with a rebound.
19:05 of 3rd period - Chris Neil is hit by Mike Sauer and loses puck.
19:18 of 3rd period - Chris Neil is hit by Michael Ferland and loses puck.
Goals for this period are 1 for Mulligans vs 0 for Punishers.
Shots for this period are 7 for Mulligans vs 7 for Punishers.